 Dungeon Crawl Stone Soup version 0.29.0-4-gdea44cf6ec (webtiles) character file.

Game seed: 13347193107870775454

475 qw the Chopper (level 7, 0/41 HPs)
             Began as a Tengu Warper on Aug 28, 2022.
             Was an Initiate of Okawaru.
             Slain by a gnoll bouda
             ... wielding a +0 hand axe
              (4 damage)
             ... on level 5 of the Dungeon.
             The game lasted 00:00:32 (5491 turns).

qw the Chopper (Tengu Warper)                       Turns: 5491, Time: 00:00:32

Health: 0/41       AC: 18    Str: 11 (12) XL:     7   Next: 10%
Magic:  11/11      EV:  3    Int: 15 (17) God:    Okawaru [......]
Gold:   57         SH:  0    Dex: 13      Spells: 10/10 levels left

rFire   + . .      SeeInvis .   Y - +2 hand axe
rCold   . . .      Faith    .   (no shield)
rNeg    + . .      Spirit   .   h - +1 plate armour of the Blushing Gods {+Blink rN+ Slay-4}
rPois   +          Reflect  .   (helmet restricted)
rElec   .          Harm     .   (no cloak)
rCorr   .          Rampage  .   b - +0 pair of gloves
Will    .....                   (boots unavailable)
Stlth   ..........              j - amulet of the acrobat
HPRegen 0.13/turn               o - ring of protection from fire
MPRegen 0.12/turn               c - +4 ring of protection

@: flying quickly and evasively, quick
A: beak, talons 3, nimble flight, horns 1, clever 1, poison resistance, shaggy
fur 1
a: Renounce Religion, Evoke Blink


You were on level 5 of the Dungeon.
You worshipped Okawaru.
Okawaru was noncommittal.
You visited 2 branches of the dungeon, and saw 6 of its levels.

You collected 255 gold pieces.
You spent 198 gold pieces at shops.


Innate Abilities, Weirdness & Mutations

You have a beak for a mouth.
You have claws for feet.
Your magical nature lets you fly swiftly and evasively.
You have a pair of small horns on your head.
Your mind is acute. (Int +4, Str/Dex -1)
Your system is resistant to poisons. (rPois)
You are covered in fur. (AC +1)


   Skills:
 - Level 3.0 Fighting
 + Level 7.0 Axes
 - Level 1.0 Throwing
 - Level 3.2 Armour
 - Level 2.1 Dodging
 - Level 2.0 Spellcasting
 - Level 2.4 Translocations


You had 10 spell levels left.
You didn't know any spells.
Your spell library contained the following spells:

 Spells                   Type           Power      Damage    Failure   Level
 Blink                    Tloc           16%        N/A       100%        2
 Gell's Gravitas          Tloc           8%         N/A       100%        3
 Lesser Beckoning         Tloc           8%         N/A       100%        3
 Teleport Other           Tloc           8%         N/A       100%        3
 Manifold Assault         Tloc           8%         N/A       100%        5

Inventory:

Hand Weapons
 i - the +7 whip of Suon Locw {vorpal, rN++ Will- Str+7}
   (You found it on level 3 of the Dungeon)

   It inflicts extra damage upon your enemies.
   Str:       It affects your strength (+7).
   rN:        It greatly protects you from negative energy.
   Will:      It decreases your willpower.
 Y - a +2 hand axe (weapon)
Missiles
 g - 6 boomerangs (quivered)
Armour
 b - a +0 pair of gloves (worn)
 h - the +1 plate armour of the Blushing Gods (worn) {+Blink rN+ Slay-4}
   (You found it on level 4 of the Dungeon)

   Slay:      It affects your accuracy & damage with ranged weapons and melee
   (-4).
   rN:        It protects you from negative energy.
   +Blink:    It lets you blink.
Jewellery
 c - a +4 ring of protection (right hand)
 j - an amulet of the acrobat (around neck)
 l - a ring of fire
 o - a ring of protection from fire (left hand)
Scrolls
 f - 7 scrolls of identify
Potions
 a - a potion of resistance
 e - 2 potions of mutation
 k - a potion of curing
 n - a potion of might

Dungeon Overview and Level Annotations

Branches:
Dungeon (5/15)             Temple (1/1) D:4

Altars:
Cheibriados
Elyvilon
Fedhas
Gozag
Hepliaklqana
Kikubaaqudgha
Makhleb
Okawaru
Qazlal
Trog
Uskayaw
Vehumet
Wu Jian
Xom
Zin

Shops:
D:1 =   D:4 ?


Message History

You hit the gnoll but do no damage.
You headbutt the gnoll, but do no damage.
Your peck misses the gnoll.
The gnoll is severely wounded.
You barely miss the gnoll bouda. The gnoll hits you with a +0 whip.
The gnoll hits you from afar with a +0 spear.
The gnoll bouda hits you but does no damage.
You barely miss the gnoll. You claw the gnoll.
You kill the gnoll!
Okawaru accepts your kill.
You hit the gnoll bouda but do no damage.
The gnoll hits you but does no damage.
The gnoll bouda hits you with a +0 hand axe!
You completely miss the gnoll bouda. Your headbutt misses the gnoll bouda.
The gnoll hits you but does no damage.
The gnoll bouda hits you with a +0 hand axe.
You hit the gnoll bouda. Your kick misses the gnoll bouda.
The gnoll bouda is moderately wounded.
The gnoll hits you from afar with a +0 spear.
The gnoll bouda barely misses you.
You hit the gnoll bouda.
You claw the gnoll bouda, but do no damage.
You headbutt the gnoll bouda.
The gnoll bouda is severely wounded.
The gnoll is no longer moving quickly.
The gnoll hits you but does no damage.
The gnoll bouda barks out a call to the hunt!
The gnoll picks up the pace!
You barely miss the gnoll bouda.
You claw the gnoll bouda, but do no damage.
Your headbutt misses the gnoll bouda. Your peck misses the gnoll bouda.
The gnoll bouda is severely wounded.
The gnoll hits you but does no damage.
The gnoll bouda hits you but does no damage.
You hit the gnoll bouda.
You peck the gnoll bouda, but do no damage.
The gnoll bouda is almost dead.
The gnoll hits you but does no damage.
The gnoll bouda hits you with a +0 hand axe.
You die...

# #.# ... ..
######.#.#
#.g)@gW..#
#.####.#...#
# #


You could see a phantom, a gnoll bouda and a gnoll (swift).

Vanquished Creatures
  A necrophage (D:4)
  An orc priest (D:4)
  A jelly (D:5)
  Terence (D:3)
  3 iguanas
  3 orc wizards (D:4)
  2 gnolls (D:5)
  4 adders
  An ufetubus (D:5)
  4 dart slugs
  11 orcs
  4 bats
  7 endoplasms
  7 giant cockroaches
  4 goblins
  6 hobgoblins
  11 jackals
  5 kobolds
  8 quokkas
  9 ball pythons
  3 frilled lizards
  6 rats
102 creatures vanquished.

Notes
Turn   | Place    | Note
-------+----------+-------------------------------------------
     0 | D:1      | qw the Tengu Warper began the quest for the Orb.
     0 | D:1      | Reached XP level 1. HP: 12/12 MP: 4/4
     0 | D:1      | 0 ||| qw: Version: 0.1-a-89-g26bdef1
     0 | D:1      | 0 ||| qw: Game counter: 3000
     0 | D:1      | 0 ||| qw: Always use a shield: true
     0 | D:1      | 0 ||| qw: God list: Okawaru
     0 | D:1      | 0 ||| qw: Allow faded altars: false
     0 | D:1      | 0 ||| qw: Do Orc after D:15 true
     0 | D:1      | 0 ||| qw: Do second Lair branch before Depths: true
     0 | D:1      | 0 ||| qw: Lair rune preference: random
     0 | D:1      | 0 ||| qw: Plans: Normal
     0 | D:1      | 0 ||| PLANNING D:1-11
    41 | D:1      | Found Diqirgha's Jewellery Shoppe.
   153 | D:1      | 153 ||| SHOPLISTING +4 ring of evasion (360 gold, have 0).
   153 | D:1      | 153 ||| SHOPLISTING amulet of reflection (300 gold, have
                  | 0).
   153 | D:1      | 153 ||| SHOPLISTING amulet of regeneration (300 gold, have
                  | 0).
   153 | D:1      | 153 ||| SHOPLISTING amulet of the Air {Inacc Air Fly rElec
                  | RMsl} (376 gold, have 0).
   153 | D:1      | 153 ||| SHOPLISTING ring of ice (250 gold, have 0).
   153 | D:1      | 153 ||| SHOPLISTING ring of positive energy (200 gold, have
                  | 0).
   153 | D:1      | 153 ||| SHOPLISTING ring of willpower (250 gold, have 0).
   159 | D:1      | You fall into a shaft and drop 1 floor!
   182 | D:2      | Reached skill level 3 in Axes
   182 | D:2      | Reached XP level 2. HP: 6/17 MP: 6/6
   194 | D:2      | 194 ||| Stepping ~*~*~tactically~*~*~ (stealth).
   200 | D:2      | HP: 2/17 [frozen (4)]
   521 | D:2      | 521 ||| Stepping ~*~*~tactically~*~*~ (stealth).
   523 | D:2      | 523 ||| Stepping ~*~*~tactically~*~*~ (stealth).
   524 | D:2      | 524 ||| Stepping ~*~*~tactically~*~*~ (stealth).
   526 | D:2      | 526 ||| Stepping ~*~*~tactically~*~*~ (stealth).
   528 | D:2      | 528 ||| Stepping ~*~*~tactically~*~*~ (stealth).
   552 | D:2      | 552 ||| Stepping ~*~*~tactically~*~*~ (stealth).
   553 | D:2      | 553 ||| Stepping ~*~*~tactically~*~*~ (stealth).
   788 | D:2      | 788 ||| READING scroll labelled ZEOSIKIGUSK.
   789 | D:2      | 789 ||| READING scroll labelled MEAFETZ NUSEBB.
   849 | D:2      | 849 ||| Stepping ~*~*~tactically~*~*~ (stealth).
   850 | D:2      | 850 ||| DRINKING 2 fizzy ruby potions.
   850 | D:2      | Gained mutation: You are covered in fur. (AC +1) [potion of
                  | mutation]
   850 | D:2      | Gained mutation: Your system is resistant to poisons.
                  | (rPois) [potion of mutation]
   850 | D:2      | Gained mutation: You have a pair of small horns on your
                  | head. [potion of mutation]
   850 | D:2      | Gained mutation: Your mind is acute. (Int +4, Str/Dex -1)
                  | [potion of mutation]
   851 | D:2      | 851 ||| DROPPING scroll of blinking.
  1159 | D:1      | Reached XP level 3. HP: 21/21 MP: 7/7
  1333 | D:1      | Reached skill level 4 in Axes
  1459 | D:1      | 1459 ||| Stepping ~*~*~tactically~*~*~ (stealth).
  1461 | D:1      | 1461 ||| Stepping ~*~*~tactically~*~*~ (stealth).
  1463 | D:1      | 1463 ||| Stepping ~*~*~tactically~*~*~ (stealth).
  1467 | D:1      | 1467 ||| Stepping ~*~*~tactically~*~*~ (stealth).
  1478 | D:1      | 1478 ||| Stepping ~*~*~tactically~*~*~ (stealth).
  1529 | D:1      | 1529 ||| Stepping ~*~*~tactically~*~*~ (stealth).
  1647 | D:1      | Found a faded altar of an unknown god.
  1703 | D:1      | 1703 ||| Stepping ~*~*~tactically~*~*~ (stealth).
  1704 | D:1      | 1704 ||| Stepping ~*~*~tactically~*~*~ (stealth).
  1780 | D:1      | 1780 ||| UPGRADING to +0 scale mail.
  1790 | D:1      | 1790 ||| DROPPING +0 leather armour.
  1791 | D:1      | 1791 ||| UPGRADING to +0 chain mail.
  1801 | D:1      | 1801 ||| DROPPING +0 scale mail.
  1802 | D:1      | 1802 ||| READING scroll labelled TEPRAP CIA.
  1803 | D:1      | 1803 ||| READING scroll labelled IBIN OQIHAUNLA.
  1807 | D:1      | 1807 ||| READING scroll labelled QIKUANOSHRE.
  1808 | D:1      | 1808 ||| READING scroll labelled MOGOETHR TUIXO.
  1809 | D:1      | 1809 ||| READING scroll labelled LOFUS IRUICAXIUF.
  1841 | D:2      | 1841 ||| Stepping ~*~*~tactically~*~*~ (stealth).
  1857 | D:2      | 1857 ||| Stepping ~*~*~tactically~*~*~ (stealth).
  1872 | D:2      | 1872 ||| Stepping ~*~*~tactically~*~*~ (stealth).
  1887 | D:2      | 1887 ||| Stepping ~*~*~tactically~*~*~ (stealth).
  1949 | D:2      | Reached XP level 4. HP: 26/26 MP: 8/8
  2386 | D:2      | 2386 ||| Stepping ~*~*~tactically~*~*~ (stealth).
  2603 | D:2      | 2603 ||| READING scroll labelled IRAEJU TOAPE.
  2604 | D:2      | 2604 ||| DRINKING 2 bubbling sapphire potions.
  2682 | D:3      | 2682 ||| Stepping ~*~*~tactically~*~*~ (stealth).
  2750 | D:3      | Reached skill level 5 in Axes
  2791 | D:3      | Identified the +7 whip of Suon Locw {vorpal, rN++ Will-
                  | Str+7}
  2793 | D:3      | 2793 ||| DROPPING +0 mace.
  2886 | D:3      | 2886 ||| Stepping ~*~*~tactically~*~*~ (stealth).
  3126 | D:3      | Found a glowing silver altar of Zin.
  3140 | D:3      | Found a stormy altar of Qazlal.
  3212 | D:3      | Found an ornate altar of the Wu Jian Council.
  3360 | D:3      | Noticed Terence
  3363 | D:3      | 3363 ||| Stepping ~*~*~tactically~*~*~ (stealth).
  3364 | D:3      | 3364 ||| Stepping ~*~*~tactically~*~*~ (stealth).
  3365 | D:3      | 3365 ||| Stepping ~*~*~tactically~*~*~ (stealth).
  3375 | D:3      | Killed Terence
  3376 | D:3      | Gained mutation: Your magical nature lets you fly swiftly
                  | and evasively. [Tengu growth]
  3376 | D:3      | Reached XP level 5. HP: 8/30 MP: 9/9
  3683 | D:3      | 3683 ||| Stepping ~*~*~tactically~*~*~ (stealth).
  4086 | D:3      | 4086 ||| UPGRADING to amulet of the acrobat.
  4091 | D:3      | 4091 ||| DROPPING amulet of faith.
  4092 | D:3      | 4092 ||| UPGRADING to ring of protection from fire.
  4093 | D:3      | 4093 ||| READING scroll labelled GURHEAT PIMELA.
  4094 | D:3      | 4094 ||| READING scroll labelled DUDYISIPHIS.
  4230 | D:3      | 4230 ||| READING scroll labelled CAFOZX NAIMUI.
  4231 | D:3      | 4231 ||| DRINKING 2 grey potions.
  4232 | D:3      | 4232 ||| DRINKING 2 blue potions.
  4233 | D:3      | 4233 ||| READING 5 scrolls of identify.
  4233 | D:3      | 4233 ||| IDENTIFYING fizzy amethyst potion
  4234 | D:3      | 4234 ||| READING 4 scrolls of identify.
  4234 | D:3      | 4234 ||| IDENTIFYING fuming dark potion
  4235 | D:3      | 4235 ||| READING 3 scrolls of identify.
  4235 | D:3      | 4235 ||| IDENTIFYING inky potion
  4236 | D:3      | 4236 ||| READING 2 scrolls of identify.
  4236 | D:3      | 4236 ||| IDENTIFYING cyan potion
  4237 | D:3      | 4237 ||| DROPPING potion of attraction.
  4238 | D:3      | 4238 ||| DROPPING potion of ambrosia.
  4239 | D:3      | 4239 ||| DROPPING potion of flight.
  4240 | D:3      | 4240 ||| DROPPING potion of degeneration.
  4454 | D:4      | Reached skill level 6 in Axes
  4454 | D:4      | Reached XP level 6. HP: 29/35 MP: 10/10
  4509 | D:4      | Found a staircase to the Ecumenical Temple.
  4510 | D:4      | 4510 ||| PLANNING TEMPLE
  4510 | D:4      | 4510 ||| UPGRADING to +0 pair of gloves.
  4515 | D:4      | 4515 ||| UPGRADING to +4 ring of protection.
  4516 | D:4      | 4516 ||| READING 2 scrolls of identify.
  4516 | D:4      | 4516 ||| IDENTIFYING fuming purple potion
  4525 | Temple   | Entered the Ecumenical Temple
  4529 | Temple   | Became a worshipper of Warmaster Okawaru
  4581 | Temple   | 4581 ||| PLANNING D:1-11
  4617 | D:4      | Identified the +1 plate armour of the Blushing Gods {+Blink
                  | rN+ Slay-4}
  4634 | D:4      | 4634 ||| Stepping ~*~*~tactically~*~*~ (hiding).
  4635 | D:4      | 4635 ||| Stepping ~*~*~tactically~*~*~ (hiding).
  4809 | D:4      | Found Fasid's Magic Scroll Boutique.
  4818 | D:4      | 4818 ||| BUYING scroll of enchant weapon (90 gold).
  4818 | D:4      | Bought a scroll of enchant weapon for 90 gold pieces
  4818 | D:4      | 4818 ||| BUYING scroll of identify (24 gold).
  4818 | D:4      | Bought a scroll of identify for 24 gold pieces
  4818 | D:4      | 4818 ||| BUYING scroll of identify (24 gold).
  4818 | D:4      | Bought a scroll of identify for 24 gold pieces
  4818 | D:4      | 4818 ||| BUYING scroll of identify (24 gold).
  4818 | D:4      | Bought a scroll of identify for 24 gold pieces
  4818 | D:4      | 4818 ||| BUYING scroll of teleportation (36 gold).
  4818 | D:4      | Bought a scroll of teleportation for 36 gold pieces
  4818 | D:4      | 4818 ||| READING scroll of enchant weapon.
  4818 | D:4      | 4818 ||| ENCHANTING +1 hand axe.
  4973 | D:4      | 4973 ||| Stepping ~*~*~tactically~*~*~ (hiding).
  4974 | D:4      | 4974 ||| Stepping ~*~*~tactically~*~*~ (hiding).
  4976 | D:4      | 4976 ||| Stepping ~*~*~tactically~*~*~ (hiding).
  4987 | D:4      | 4987 ||| DRINKING potion of curing.
  4987 | D:4      | 4987 ||| (to cure confusion)
  5141 | D:4      | Reached skill level 7 in Axes
  5215 | D:4      | 5215 ||| UPGRADING to +1 plate armour of the Blushing Gods
                  | {+Blink rN+ Slay-4}.
  5225 | D:4      | 5225 ||| DROPPING +0 chain mail.
  5311 | D:5      | Entered Level 5 of the Dungeon
  5348 | D:5      | Reached skill level 3 in Armour
  5455 | D:5      | 5455 ||| Stepping ~*~*~tactically~*~*~ (stealth).
  5456 | D:5      | 5456 ||| Stepping ~*~*~tactically~*~*~ (stealth).
  5465 | D:5      | HP: 9/36 [acid (3)]
  5466 | D:5      | 5466 ||| READING scroll of teleportation.
  5467 | D:5      | 5467 ||| DRINKING potion of heal wounds.
  5469 | D:5      | Reached XP level 7. HP: 37/40 MP: 11/11
  5477 | D:5      | Reached skill level 3 in Fighting
  5487 | D:5      | HP: 7/41 [gnoll bouda/+0 hand axe (4)]
  5491 | D:5      | Slain by a gnoll bouda

Levels and vault maps discovered:
D:1:      dpeg_arrival_pits, layout_loops_corners, serial_shops, shop_statue,
          shapermc_ecumenical_altar_acropolis
D:2:      layout_basic, minmay_misc_feat_alley
D:3:      minmay_thinvault, layout_loops_ring, mainiacjoe_overflow_big_doors,
          pdpol_wu_jian_five_deadly_venoms, uniq_terence,
          uniq_crazy_yiuf_cottage
D:4:      layout_basic, minmay_temple_entry_offerings, serial_shops,
          nicolae_shop_waterfront
D:5:      layout_loops_ring, nicolae_dithmenos_through_a_glass_darkly,
          amethyst_killhole, minmay_misc_feat_plants, hangedman_minor_gate_pass,
          uniq_ijyb
Temple:   nicolae_temple_x_marks_the_god

Skill      XL: |  1  2  3  4  5  6  7 |
---------------+----------------------+-----
Axes           | 3 4 5 6 7 |  7.0
Armour         | 2 3 |  3.2
Fighting       | 3 |  3.0
Throwing       | |  1.0
Dodging        | |  2.1
Spellcasting   | |  2.0
Translocations | |  2.4

Action                   |  1- 3 |  4- 6 |  7- 9 || total
-------------------------+-------+-------+-------++-------
Melee: Hand axe          |    92 |   167 |    16 ||   275
       Kick              |    30 |    39 |     5 ||    74
       Peck              |     9 |    28 |     4 ||    41
       Headbutt          |     9 |    23 |     3 ||    35
       Punch             |     1 |     2 |       ||     3
Throw: Boomerang         |     7 |    31 |       ||    38
  Use: Scroll            |     7 |    11 |       ||    18
       Potion            |     1 |     5 |       ||     6
Armor: Leather armour    |    23 |       |       ||    23
       Chain mail        |     9 |    53 |       ||    62
       Plate armour      |       |    23 |    24 ||    47
Dodge: Dodged            |    34 |    37 |     3 ||    74

Table legend:
 A = Non-vault XP
 B = Vault XP
 C = Vault XP percentage of total XP
 D = Non-vault monster count
 E = Vault monster count
 F = Vault count percentage of total count
                 A         B        C        D         E       F
            +---------+---------+-------+---------+---------+-------
      Total |     492 |     187 |  27.5 |      85 |      17 |  16.7
            +---------+---------+-------+---------+---------+-------
        D:1 |      40 |       0 |   0.0 |      20 |       0 |   0.0
        D:2 |      67 |       0 |   0.0 |      26 |       0 |   0.0
        D:3 |      29 |      66 |  69.5 |      14 |      13 |  48.1
        D:4 |     321 |       0 |   0.0 |      20 |       0 |   0.0
        D:5 |      35 |     121 |  77.6 |       5 |       4 |  44.4
            +---------+---------+-------+---------+---------+-------
